 Dungeon Crawl Stone Soup version 0.24-a0-235-g3f03afc (webtiles) character file.

Game seed: 4649845040032618340

142 VLARC the Chopper (level 5, -1/29 HPs)
             Began as a Vine Stalker Berserker on Apr 6, 2019.
             Was a Believer of Trog.
             Slain by a gnoll sergeant
             ... wielding a +3 trident of protection
              (11 damage)
             ... on level 3 of the Dungeon.
             The game lasted 00:03:15 (2498 turns).

VLARC the Chopper (Vine Stalker Berserker)          Turns: 2498, Time: 00:03:16

Health: -1/29      AC:  6    Str: 21    XL:     5   Next: 24%
Magic:  0/6        EV:  7    Int:  7    God:    Trog [**....]
Gold:   93         SH:  7    Dex: 13    Spells: 4/4 levels left

rFire    . . .     SeeInvis .   m - +0 war axe
rCold    . . .     Gourm    .   a - +0 shield
rNeg     . . .     Faith    .   k - +0 scale mail
rPois    .         Spirit   +   (no helmet)
rElec    .         Reflect  .   (no cloak)
rCorr    .         Harm     .   (no gloves)
MR       .....                  (no boots)
Stlth    ..........             (no amulet)
HPRegen  0.49/turn              (no ring)
MPRegen  0.10/turn              (no ring)

@: lethally poisoned (-1 -> -1), berserk cooldown, slowed, very slow
A: fangs 2, regeneration 1, magic shield, antimagic bite, no potion heal 3, rot
immunity
a: Berserk, Trog's Hand, Renounce Religion


You were on level 3 of the Dungeon.
You worshipped Trog.
Trog was pleased with you.
You were hungry.

You visited 1 branch of the dungeon, and saw 3 of its levels.

You collected 93 gold pieces.

Inventory:

Hand Weapons
 m - a +0 war axe (weapon)
Armour
 a - a +0 shield (worn)
 k - a +0 scale mail (worn)
 n - a cursed +0 plate armour
Jewellery
 h - an uncursed ring of fire
Scrolls
 e - 2 scrolls of amnesia {unknown}
 f - 2 scrolls of teleportation {unknown}
 g - 3 scrolls of identify {unknown}
 j - 4 scrolls of remove curse {unknown}
 p - a scroll of enchant weapon {unknown}
Potions
 b - a potion of haste {unknown}
 d - 2 potions of curing {unknown}
 i - a potion of agility {unknown}
 l - a potion of brilliance {unknown}
Comestibles
 c - 7 rations


   Skills:
 + Level 3.7 Fighting
 + Level 3.7 Axes
 + Level 2.7 Armour
 - Level 1.5 Dodging


You had 4 spell levels left.
You didn't know any spells.
Your spell library was empty.

Dungeon Overview and Level Annotations

Branches:
Dungeon (3/15)

Altars:
Makhleb
The Shining One


Innate Abilities, Weirdness & Mutations

You have extremely sharp teeth.
Your natural rate of healing is unusually fast.
When hurt, damage is shared between your health and your magic reserves.
Your bite disrupts and absorbs the magic of your enemies.
Potions cannot restore your health.
You are immune to rotting.


Message History

You slash the gnoll!
You kill the gnoll!
Trog accepts your kill.
The gnoll sergeant hits you from afar with a +3 trident of protection!
You barely miss the gnoll. Your bite misses the gnoll.
You feel sick. The gnoll hits you but does no damage.
The gnoll sergeant barely misses you. You block the gnoll's attack.
Your shield and scale mail prevent you from hitting the gnoll.
Your bite misses the gnoll.
You are no longer berserk.
You are exhausted.
You feel yourself slow down. The gnoll barely misses you.
The gnoll sergeant hits you but does no damage.
You block the gnoll's attack.
The gnoll hits you from afar with a +0 spear.
The gnoll sergeant hits you but does no damage.
The gnoll hits you with a +0 whip. The gnoll barely misses you.
You feel sick. The gnoll hits you with a +0 whip.
The gnoll sergeant hits you from afar with a +3 trident of protection!
You die...

.# . .. .. #.
... #.### ....
# #...## .....
##
##...####......
####.
#.....@ggg.....
+....
##...####......
####. #..###
..... ## #.##..
...# # #.##.#
#..## #.##.#
#.### ##
#.##.#####(#.#
#.
#........#.#.#
#.
####.###.#.#.##
#.


You could see a gnoll sergeant and 2 gnolls.

Vanquished Creatures
  3 gnolls (D:3)
  5 adders
  A worm (D:2)
  4 leopard geckos
  2 orcs (D:3)
  A ball python (D:2)
  5 bats
  3 giant cockroaches
  6 goblins
  7 hobgoblins
  7 jackals (D:3)
  A quokka (D:3)
  3 frilled lizards
  6 kobolds
  4 rats
58 creatures vanquished.

Notes
Turn   | Place    | Note
-------+----------+-------------------------------------------
     0 | D:1      | VLARC the Vine Stalker Berserker began the quest for the
                  | Orb.
     0 | D:1      | Reached XP level 1. HP: 11/11 MP: 2/2
   570 | D:1      | Reached XP level 2. HP: 16/16 MP: 3/3
  1325 | D:2      | Reached XP level 3. HP: 10/20 MP: 4/4
  1722 | D:2      | Gained mutation: Your natural rate of healing is unusually
                  | fast. [Vine Stalker growth]
  1722 | D:2      | Reached XP level 4. HP: 24/24 MP: 5/5
  1810 | D:3      | Found a glowing golden altar of the Shining One.
  1823 | D:3      | Reached ** piety under Trog
  1933 | D:3      | Found a burning altar of Makhleb.
  2482 | D:3      | Noticed a gnoll sergeant
  2489 | D:3      | Reached XP level 5. HP: 28/28 MP: 3/6
  2498 | D:3      | Slain by a gnoll sergeant

Levels and vault maps discovered:
D:1:      lightli_arrival_isolated_outpost, layout_loops_corners
D:2:      layout_basic, minivault_14
D:3:      layout_loops_corners, grunt_temple_overflow_gold_and_silver,
          nicolae_overflow_hidden_temple, overflow_temple_1_default,
          gammafunk_temple_overflow_elements, first_ration

Skill      XL: |  1  2 |
---------------+-------+-----
Axes           | 3 |  3.7
Fighting       | 3 |  3.7
Armour         | 2 |  2.7
Dodging        | |  1.5

Action                   |  1- 3 |  4- 6 || total
-------------------------+-------+-------++-------
Melee: Hand axe          |    67 |    57 ||   124
       Bite              |    10 |    17 ||    27
       War axe           |       |    29 ||    29
Invok: Berserk           |     3 |     2 ||     5
  Eat: Chunk             |     4 |     5 ||     9
Armor: Animal skin       |    11 |       ||    11
       Scale mail        |     3 |    35 ||    38
Dodge: Dodged            |    39 |    55 ||    94
Block: Shield            |       |    17 ||    17

Table legend:
 A = Non-vault XP
 B = Vault XP
 C = Vault XP percentage of total XP
 D = Non-vault monster count
 E = Vault monster count
 F = Vault count percentage of total count
                 A         B        C        D         E       F
            +---------+---------+-------+---------+---------+-------
      Total |     203 |       0 |   0.0 |      58 |       0 |   0.0
            +---------+---------+-------+---------+---------+-------
        D:1 |      21 |       0 |   0.0 |      13 |       0 |   0.0
        D:2 |      70 |       0 |   0.0 |      18 |       0 |   0.0
        D:3 |     112 |       0 |   0.0 |      27 |       0 |   0.0
            +---------+---------+-------+---------+---------+-------
